[Event "Early-Titled-Tuesday-Blitz-August-29-2023"]
[Site "Chess.com"]
[Date "2023.08.29"]
[Round "6"]
[White "NovozhilovSemen"]
[Black "GAZZAN_3000"]
[Result "0-1"]
[WhiteElo "2516"]
[BlackElo "2676"]
[TimeControl "180+1"]
[EndTime "9:07:44 PDT"]
[Termination "GAZZAN_3000 won on time"]

1. d4 Nf6 2. Nf3 c5 3. d5 b5 4. Bg5 Bb7 5. Bxf6 exf6 6. e4 b4 7. Nbd2 g6 8. Bd3 Bg7 9. O-O O-O 10. c3 a5 11. a3 d6 12. axb4 axb4 13. Rxa8 Bxa8 14.
cxb4 cxb4 15. Qa4 Nd7 16. Qxb4 Nc5 17. Bc2 Qc7 18. b3 Rb8 19. Qa3 Bb7 20. Nc4 Ra8 21.
Qb4 Rb8 22. Qa5 Qxa5 23. Nxa5 Ba6 24. Rb1 Re8 25. b4 Nxe4 26. Bxe4 Rxe4 27. b5 Ra4 28. bxa6 Rxa5 29. Nd4 Rxa6 30. Nc6 h5 31. g3 f5 32. Rb8+ Kh7 33. Rb7 Ra1+ 34. Kg2 Rd1 35. Rxf7 Rxd5 36.
Nd8 Kg8 37. Rd7 Rd2 38. Ne6 Be5 39. h4 d5 40. Kf1 d4 41. Ke1 Ra2 42. Nxd4 f4 43.
gxf4 Bxf4 44. Ne6 Bh6 45. Rd8+ Kf7 46. Nc5 Ra5 47. Rd7+ Kf6 48. Ne4+ Kf5 49. Ng3+ Kg4 50. Rd6 Kxh4 51. Rxg6 Bf4 52. Ne4 Kh3 53. f3 h4 54.
Rg4 Bg3+ 55. Kf1 Ra1+ 56. Ke2 Kg2 57. f4 Ra2+ 58. Kd3 Kf3 59. Rg8 Ra3+ 60. Kd4 Ra4+ 61.
Kd5 Rxe4 62. f5 Rf4 63. Ke6 h3 64. f6 h2 65. Rh8 Bh4 66. f7 h1=Q 67. f8=Q Rxf8 0-1

[Event "Early-Titled-Tuesday-Blitz-August-29-2023"]
[Site "Chess.com"]
[Date "2023.08.29"]
[Round "6"]
[White "VerdeNotte"]
[Black "GianmarcoVaR"]
[Result "1/2-1/2"]
[WhiteElo "2902"]
[BlackElo "2754"]
[TimeControl "180+1"]
[EndTime "9:07:45 PDT"]
[Termination "Game drawn - insufficient material"]

1. e4 c5 2. Nc3 Nc6 3. Bb5 Nd4 4. Nf3 Nf6 5. e5 a6 6. Bd3 Ng8 7. O-O d6 8. Re1 Bg4 9. Be4 Rb8 10. h3 Bxf3 11. Bxf3 e6 12. exd6 Bxd6 13. Ne4 Nf6 14.
Nxd6+ Qxd6 15. d3 O-O 16. Bg5 Nd5 17. Be4 h6 18. Bh4 Nf5 19. Bxf5 exf5 20. Qf3 g5 21. Bg3 f4 22. Bh2 Nb4 23. Re2 Rfe8 24. Rae1 Rxe2 25. Qxe2 Rd8 26. h4 Nc6 27. hxg5 hxg5 28.
Qg4 Qf6 29. g3 fxg3 30. Bxg3 Nd4 31. Kf1 Ne6 32. Re5 Rd4 33. Qf5 Qxf5 34. Rxf5 Kf8 35.
Be5 Rh4 36. Bd6+ Ke8 37. Bxc5 Rh1+ 38. Ke2 Rc1 39. Kd2 Ra1 40. a3 Nxc5 41. Rxc5 f6 42. Rc7 Rf1 43. Ke3 Re1+ 44. Kf3 Re7 45. Rxe7+ Kxe7 46.
Kg4 Ke6 47. d4 b5 48. c3 a5 49. b3 Ke7 50. Kf5 Kf7 51. c4 a4 52. bxa4 bxc4 53.
Ke4 f5+ 54. Ke3 f4+ 55. Kd2 g4 56. a5 g3 57. fxg3 fxg3 58. a6 g2 59. a7 g1=Q 60. a8=Q Qxd4+ 61. Kc1 Qc3+ 62. Kd1 Qd3+ 63. Kc1 Qc3+ 64.
Kd1 Qd3+ 65. Ke1 c3 66. Qb7+ Ke6 67. Qc8+ Ke5 68. Qh8+ Ke6 69. Qe8+ Kd5 70. Qd7+ Kc4 71. Qxd3+ Kxd3 72. Kd1 c2+ 73. Kc1 Kc3 74. a4 Kb4 75.
Kxc2 Kxa4 1/2-1/2

[Event "Early-Titled-Tuesday-Blitz-August-29-2023"]
[Site "Chess.com"]
[Date "2023.08.29"]
[Round "6"]
[White "KorolDimitriy75"]
[Black "ferrufino64"]
[Result "1/2-1/2"]
[WhiteElo "2340"]
[BlackElo "2113"]
[TimeControl "180+1"]
[EndTime "9:07:46 PDT"]
[Termination "Game drawn - insufficient material"]

1. d4 d5 2. c4 e6 3. Nc3 Nf6 4. cxd5 exd5 5. Bg5 c6 6. e3 Be7 7. Bd3 Nbd7 8. Qc2 O-O 9. Nge2 Re8 10. f3 Nf8 11. O-O Be6 12. Rad1 N6d7 13. Bxe7 Qxe7 14. e4 dxe4 15. fxe4 Rad8 16. h3 Nb6 17. b3 Ng6 18. Qc1 Qh4 19. Qe3 f5 20. e5 Rf8 21. Nf4 Nxf4 22. Rxf4 Qh5 23. Rdf1 g6 24. Qf2 Rf7 25. Kh2 Qg5 26. g4 Rdf8 27. gxf5 Bxf5 28. Bxf5 Rxf5 29.
Rxf5 Rxf5 30. Qg2 Qxg2+ 31. Kxg2 Rxf1 32. Kxf1 Kf7 33. Kf2 Ke6 34. Kf3 Nd5 35. Ne4 Ne7 36.
Nc5+ Kd5 37. Nxb7 Kxd4 38. e6 Ke5 39. Nd8 h6 40. Ke3 g5 41. a4 h5 42. Kf3 Nf5 43.
Nf7+ Kf6 44. Nd8 Nd4+ 45. Ke4 g4 46. hxg4 h4 47. Kf4 Nxe6+ 48. Nxe6 Kxe6 49. g5 h3 50. Kg3 Kf5 51. Kxh3 Kxg5 52. Kg3 Kf5 53. Kf3 Ke5 54. Ke3 Kd5 55. Kd3 Kc5 56. Kc3 a5 57. Kd3 Kd5 58. Kc3 Kc5 59. Kd3 Kb4 60. Kc2 c5 61. Kb2 c4 62.
bxc4 Kxc4 63. Ka3 Kc3 64. Ka2 Kb4 65. Kb2 Kxa4 66. Ka2 Kb4 67. Kb2 a4 68. Ka2 a3 69.
Ka1 a2 70. Kxa2 1/2-1/2

[Event "Early-Titled-Tuesday-Blitz-August-29-2023"]
[Site "Chess.com"]
[Date "2023.08.29"]
[Round "6"]
[White "Beca95"]
[Black "bascheyaro"]
[Result "1-0"]
[WhiteElo "2963"]
[BlackElo "2803"]
[TimeControl "180+1"]
[EndTime "9:07:48 PDT"]
[Termination "Beca95 won on time"]

1. e4 e6 2. c3 d5 3. e5 c5 4. f4 h5 5. Nf3 Nh6 6. Bd3 c4 7. Bc2 Bc5 8. b4 Bb6 9. d4 cxd3 10. Bxd3 Ng4 11. Qe2 Nf2 12. Rf1 Nxd3+ 13. Qxd3 g6 14.
Be3 Bxe3 15. Qxe3 Nc6 16. Nbd2 b6 17. a4 Qc7 18. Nb3 Bd7 19. Kf2 Ne7 20. Nbd4 Rc8 21. Rfc1 a5 22. Kg3 Qc4 23. Nd2 Qc7 24. N2b3 h4+ 25.
Kf2 h3 26. g4 Kf8 27. Kg3 Kg7 28. b5 Qc4 29. Nd2 Qc5 30. N2f3 Qc4 31. Ng5 Rc7 32.
Ngf3 Rhc8 33. Kxh3 Be8 34. Kg3 Ng8 35. f5 exf5 36.
gxf5 Kf8 37. f6 Bd7 38. Kf2 Bg4 39. Ng5 Qc5 40. Kg3 Bf5 41. Qf4 Qc4 42. e6 Nxf6 43. Qd6+ Kg7 44. exf7 Qd3+ 45. Ndf3 Rxc3 46. Rxc3 Qxc3 47.
f8=Q+ Rxf8 48. Qe7+ Kg8 49. Re1 Qb4 50. Qc7 Qg4+ 51.
Kf2 Qh5 52. Re7 Ne4+ 53. Ke1 Nxg5 54. Nxg5 Qh4+ 55. Kd1 Bg4+ 56. Kc2 Qf2+ 57. Kd3 Bf5+ 58. Kc3 d4+ 59. Kc4 Qa2+ 60. Kxd4 Qd2+ 61. Ke5 Qe3+ 62. Kd6 Qd4+ 63. Kc6 Rf6+ 64. Kb7 Rf8 65. Re8 Be4+ 66. Ka7 1-0

[Event "Early-Titled-Tuesday-Blitz-August-29-2023"]
[Site "Chess.com"]
[Date "2023.08.29"]
[Round "6"]
[White "ChainedDowntohell"]
[Black "chess94cu"]
[Result "0-1"]
[WhiteElo "2520"]
[BlackElo "2710"]
[TimeControl "180+1"]
[EndTime "9:08:03 PDT"]
[Termination "chess94cu won on time"]

1. Nf3 Nf6 2. b3 b6 3. g3 Bb7 4.
Bg2 e6 5. Bb2 Be7 6. O-O O-O 7. c4 c5 8. d4 cxd4 9. Nxd4 Bxg2 10.
Kxg2 Qc8 11. Nc3 Qb7+ 12. f3 d5 13. cxd5 Nxd5 14. Nxd5 Qxd5 15. e4 Qb7 16. Rc1 Na6 17. Qe2 Nc5 18. Rfd1 Rac8 19. Rc2 Rfd8 20. h4 a6 21.
Rcd2 h6 22. Nc2 Rxd2 23. Rxd2 b5 24. Ne3 a5 25. Ng4 a4 26. Qe3 Bf8 27. h5 axb3 28. axb3 b4 29. Rc2 Nd7 30. Rxc8 Qxc8 31. Qd4 f6 32.
Ne3 Qc6 33. Qc4 Qb6 34. Bd4 Qb7 35. Qxe6+ Kh7 36. Nd5 Nc5 37. Bxc5 Bxc5 38. Nf4 Qa7 39. Ng6 Qb8 40. Qf7 Qd8 41. Nf4 Be3 42. Ne6 Qg8 43.
Nf8+ Kh8 44. Ng6+ Kh7 45. Nf8+ Kh8 46. Qxg8+ Kxg8 47. Ng6 Kf7 48. Kf1 Ke6 49. Ke2 Bd4 50.
Kd3 Bf2 51. g4 Be1 52. Kc4 Bd2 53. f4 Be1 54. f5+ Kf7 55. Kd4 Bd2 56. Kd5 Bc3 57. e5 fxe5 58. Nxe5+ Kf6 59. Nf3 Bb2 60. Kc5 Bc3 61.
Kc4 Kf7 62. Kd3 Kf6 63. Ke4 Bb2 64. Kf4 Bc1+ 65. Ke4 Bb2 66. Ne1 Kg5 67. Kf3 Bc3 68. Nd3 Kf6 69. Nf4 Bd2 70. Nd5+ Ke5 71. Nb6 Kd4 72. Na4 Kd3 0-1

[Event "Early-Titled-Tuesday-Blitz-August-29-2023"]
[Site "Chess.com"]
[Date "2023.08.29"]
[Round "6"]
[White "BillCoe"]
[Black "AsaHoffmann"]
[Result "1/2-1/2"]
[WhiteElo "2129"]
[BlackElo "2357"]
[TimeControl "180+1"]
[EndTime "9:08:06 PDT"]
[Termination "Game drawn - insufficient material"]

1. e4 d6 2. d4 Nf6 3. Nc3 c6 4. a4 Qa5 5. Bd3 e5 6. dxe5 dxe5 7. h3 Be6 8. Nf3 h6 9. O-O Nbd7 10. Re1 Rd8 11. Qe2 Bb4 12. Bd2 O-O 13. Red1 Nh5 14. Qe3 Nf4 15. Ne2 Bxd2 16. Qxd2 Qxd2 17. Rxd2 Nxd3 18.
Rxd3 Bc4 19. Rd2 f6 20. Nc3 Nc5 21. Rad1 Ne6 22. b3 Ba6 23. Na2 Rxd2 24. Rxd2 Rd8 25. Rxd8+ Nxd8 26. Nb4 Be2 27. Ne1 Bh5 28. f3 Bf7 29.
Kf2 Kf8 30. Ke3 Ke7 31. Ned3 Kd6 32. Nf2 c5 33. Na2 Nc6 34. Nc1 a6 35. Nd1 Nd4 36. Kd3 b5 37. axb5 axb5 38. Ne3 g6 39. Ng4 f5 40.
Nxh6 Be6 41. g4 c4+ 42. bxc4 bxc4+ 43. Kc3 Nxf3 44. gxf5 gxf5 45. exf5 Bd5 46. Ne2 Ke7 47. Ng4 Bf7 48. Ng3 Ng5 49. h4 Nf3 50. h5 e4 51.
h6 Ng5 52. Kd4 Kf8 53. Nxe4 Nh7 54. Nef6 Ng5 55. h7 Kg7 56. Nd5 Nxh7 57. Kxc4 Ng5 58. Kd4 Nf3+ 59. Ke4 Ng5+ 60. Ke5 Nf3+ 61. Kd6 Ng5 62.
c4 Ne4+ 63. Kc6 Be8+ 64. Kb6 Nd6 65. c5 Nxf5 66. Nc7 Bd7 67. Ne5 Bc8 68. c6 Kf6 69. Nd7+ Ke7 70. Nd5+ Kd6 71. Nb4 Bxd7 72. cxd7 Kxd7 1/2-1/2

[Event "Early-Titled-Tuesday-Blitz-August-29-2023"]
[Site "Chess.com"]
[Date "2023.08.29"]
[Round "6"]
[White "reevecanada"]
[Black "Itk04"]
[Result "1/2-1/2"]
[WhiteElo "2517"]
[BlackElo "2665"]
[TimeControl "180+1"]
[EndTime "9:08:07 PDT"]
[Termination "Game drawn - insufficient material"]

1. e4 e6 2. Nf3 d5 3. Nc3 c6 4. d4 Nd7 5. a3 a5 6. g3 Be7 7.
Bg2 dxe4 8. Nxe4 Ngf6 9. Nfd2 O-O 10. O-O Nxe4 11. Nxe4 Nf6 12. Nc5 b6 13. Nd3 Ba6 14.
Ne5 Bxf1 15. Nxc6 Qe8 16. Nxe7+ Qxe7 17. Bxa8 Rxa8 18. Qxf1 Rc8 19. c3 e5 20. Qe2 Nd7 21.
dxe5 Nxe5 22. Bf4 f6 23. Re1 Nf3+ 24. Kh1 Qxe2 25. Rxe2 g5 26. Be3 g4 27. Bxb6 a4 28. Kg2 h5 29. h3 Kf7 30. Bd4 f5 31. Re3 Rb8 32. Re2 Rc8 33. h4 Rc4 34. Bb6 Rc6 35. Bd4 Re6 36. Rxe6 Kxe6 37. Kf1 Nd2+ 38. Ke2 Nc4 39. Bc5 Kd5 40. Bb4 Ke4 41. Be7 Nxb2 42. Bg5 Nc4 43. Bc1 Ne5 44. Be3 Nc4 45. Bc5 Kd5 46. Bf8 Ke4 47. Bb4 f4 48. gxf4 Kxf4 49. Kd3 Nb2+ 50. Kd4 Kf3 51. c4 Nxc4 52. Kxc4 Kxf2 53.
Bc5+ Kg3 54. Kb4 Kxh4 55. Kxa4 Kg3 56. Kb5 h4 57. a4 h3 58. a5 h2 59. Bd6+ Kh3 60.
Bxh2 Kxh2 61. a6 g3 62. a7 g2 63. a8=Q g1=Q 64. Qh8+ Kg2 65. Kc4 Qc1+ 66. Kd5 Qd1+ 67. Ke6 Qg4+ 68. Ke5 Qg3+ 69. Kd5 Qb3+ 70. Ke4 Qc2+ 71.
Kf4 Qd2+ 72. Kf5 Qd3+ 73. Kg5 Qg3+ 74. Kf5 Qf3+ 75. Kg5 Qg3+ 76. Kh6 Qh4+ 77. Kg7 Qd4+ 78. Kh7 Qd7+ 79. Qg7+ Qxg7+ 80. Kxg7 1/2-1/2

[Event "Early-Titled-Tuesday-Blitz-August-29-2023"]
[Site "Chess.com"]
[Date "2023.08.29"]
[Round "6"]
[White "Barbus89"]
[Black "WildTricks"]
[Result "1/2-1/2"]
[WhiteElo "2510"]
[BlackElo "2647"]
[TimeControl "180+1"]
[EndTime "9:08:12 PDT"]
[Termination "Game drawn by repetition"]

1. Nf3 b6 2. g3 Bb7 3. Bg2 c5 4.
O-O Nf6 5. c4 g6 6. b3 Bg7 7.
Bb2 O-O 8. Nc3 d5 9. Nxd5 Nxd5 10. Bxg7 Kxg7 11. cxd5 Qxd5 12. d4 Na6 13. Nh4 Qd7 14.
dxc5 Qxd1 15. Rfxd1 Bxg2 16. Nxg2 Nxc5 17. b4 Ne4 18. Rd7 e6 19. Rc1 Rfc8 20. Rxc8 Rxc8 21. Nf4 a5 22. bxa5 bxa5 23. Nxe6+ Kf6 24. Nd8 Rc2 25. Rxf7+ Ke5 26. Ra7 Rxe2 27. Rxa5+ Kd6 28. Nf7+ Ke7 29. Ng5 Nxg5 30. Rxg5 Rxa2 31. g4 Ra4 32. h3 Kf6 33.
Rb5 Ra6 34. Kg2 h6 35. Kg3 g5 36. f3 Ra3 37. Rf5+ Kg6 38. h4 Ra2 39. Rb5 Rc2 40. Rb6+ Kg7 41. Ra6 Rb2 42. h5 Rc2 43. Rg6+ Kh7 44.
Re6 Kg7 45. Re7+ Kg8 46. Re3 Kg7 47. f4 gxf4+ 48. Kxf4 Rc4+ 49. Kf5 Rc5+ 50. Re5 Rc7 51. Rd5 Re7 52. Re5 Rb7 53. Kf4 Rb4+ 54. Re4 Rb7 55.
Re6 Rb4+ 56. Kf5 Rb5+ 57. Re5 Rb7 58. Ra5 Rc7 59. Ra6 Rc5+ 60. Ke4 Rc4+ 61. Kf3 Rc3+ 62. Kf4 Rc4+ 63. Kg3 Rc7 64. Rg6+ Kh7 65. Re6 Kg7 66. Kf4 Rc4+ 67. Kf5 Rc5+ 68. Re5 Rc7 69. Ke6 Rc4 70. Kf5 Rc7 1/2-1/2

[Event "Early-Titled-Tuesday-Blitz-August-29-2023"]
[Site "Chess.com"]
[Date "2023.08.29"]
[Round "6"]
[White "angryspacevoid"]
[Black "Galileo22"]
[Result "0-1"]
[WhiteElo "2526"]
[BlackElo "2694"]
[TimeControl "180+1"]
[EndTime "9:08:14 PDT"]
[Termination "Galileo22 won by checkmate"]

1. e4 b6 2. d4 Bb7 3. Bd3 e6 4. Nc3 Nf6 5. Nge2 c5 6. Bf4 cxd4 7. Nb5 d6 8. e5 Nh5 9. exd6 Nxf4 10. Nxf4 Bxd6 11.
Qg4 Bxf4 12. Qxf4 O-O 13. Qxd4 Qg5 14. h4 Qh6 15. Rh3 Nc6 16. Qe3 Qxe3+ 17. Rxe3 Rad8 18. Be4 Nb4 19. a3 Bxe4 20. axb4 Bxc2 21. Rxa7 Ra8 22. Rea3 Rxa7 23. Rxa7 Bd3 24. Nd6 h6 25. f3 g5 26.
hxg5 hxg5 27. Kf2 Bg6 28. Ke3 Rd8 29. Nc4 Rd3+ 30. Ke2 Rd4 31. Nxb6 Rxb4 32. Na4 Bc2 33. Nc5 Rxb2 34. Ke3 Bg6 35. g4 Rc2 36. Nd7 Rc3+ 37. Kf2 Kg7 38. Ne5 Rc2+ 39. Ke3 Rc8 40. Rb7 Ra8 41.
Kf2 Ra3 42. Rc7 Ra5 43. Nc4 Rd5 44. Ke3 Kf6 45. Nb6 Rd3+ 46. Ke2 Rd6 47. Nd7+ Kg7 48. Ne5 Rd5 49. Nc6 Bd3+ 50. Ke3 Bb5 51. Nd4 Bd7 52. Ke4 Kf6 53. Ra7 Ke7 54. Nc6+ Kd6 55. Nd4 f5+ 56. gxf5 exf5+ 57. Kd3 Ke5 58. Ke3 Rxd4 59.
Ra5+ Rd5 60. Ra8 f4+ 61. Kf2 Rd2+ 62. Ke1 Rb2 63. Ra5+ Bb5 64. Kd1 Kd4 65. Kc1 Rb4 66.
Ra7 Kc3 67. Kd1 Bd3 68. Ke1 Rb1+ 69. Kf2 Rf1+ 70. Kg2 Re1 71. Rc7+ Kd2 72. Rg7 Re5 73. Kh3 Bf5+ 74. Kg2 Ke3 75. Kh2 Bd3 76. Rf7 Kxf3 77.
Kh3 g4+ 78. Kh4 Re2 79. Rf6 Re4 80. Kg5 g3 81. Kh4 g2 82. Rg6 Re1 83. Kg5 Bxg6 84. Kxg6 g1=Q+ 85. Kh7 Re2 86. Kh8 Rh2# 0-1

[Event "Early-Titled-Tuesday-Blitz-August-29-2023"]
[Site "Chess.com"]
[Date "2023.08.29"]
[Round "6"]
[White "Nathan_Filgueiras"]
[Black "MaevskiyNikolay"]
[Result "1-0"]
[WhiteElo "2536"]
[BlackElo "2661"]
[TimeControl "180+1"]
[EndTime "9:08:20 PDT"]
[Termination "Nathan_Filgueiras won by checkmate"]

1. e4 e6 2. d4 d5 3. Nd2 c5 4. exd5 exd5 5. Bb5+ Nc6 6. Qe2+ Be7 7. dxc5 Nf6 8.
Ngf3 O-O 9. Nb3 Re8 10. O-O Bxc5 11. Qd1 Be7 12. c3 Bg4 13. h3 Bh5 14. Bf4 Rc8 15. Re1 a6 16. Be2 Ne4 17. Nfd4 Bg6 18. Bd3 Bf6 19.
f3 Ng5 20. Bxg6 hxg6 21. Qd2 Nxd4 22. Nxd4 Bxd4+ 23. Qxd4 Ne6 24. Qd2 d4 25. Be5 dxc3 26. Qxd8 Rexd8 27. Bxc3 Nf4 28. Kf1 b5 29. Rad1 Nd5 30.
Ba5 Rd7 31. Rc1 Ne3+ 32. Kf2 Rxc1 33. Rxc1 Nd1+ 34. Kg3 Nxb2 35. Rc6 Ra7 36. Kf4 Nc4 37. Bc3 f6 38. Ke4 Kf7 39. Kd5 Ne3+ 40. Kc5 Nxg2 41. Kb6 Rd7 42. Kxa6 Rd5 43. Bb4 Nh4 44. Bc5 Nf5 45.
Kxb5 Nd4+ 46. Kc4 Nxc6 47. Kxd5 Na5 48. a4 g5 49. Bb4 Nb7 50. Kc6 Nd8+ 51. Kd7 Ne6 52. a5 Nd4 53. a6 Nb5 54. Kc6 Na7+ 55. Kb7 Nb5 56. Kb6 Nd4 57. a7 Nxf3 58. a8=Q Ne5 59. Qd5+ Kg6 60. Bd6 Nf7 61. Qe4+ Kh6 62. Be7 Nh8 63. Kc6 Ng6 64. Kd5 Nf4+ 65. Kd4 Nxh3 66. Bd6 Kh5 67. Qf3+ g4 68. Qg3 g5 69. Be7 f5 70. Bf6 f4 71. Qg2 Kh4 72. Bxg5+ Nxg5 73. Ke5 Nh3 74. Kf6 f3 75. Qf1 Kg3 76. Kf5 Kh4 77.
Ke4 Ng5+ 78. Kf5 Nh3 79. Qc4 f2 80. Qxg4# 1-0

[Event "Early-Titled-Tuesday-Blitz-August-29-2023"]
[Site "Chess.com"]
[Date "2023.08.29"]
[Round "6"]
[White "VSanduleac"]
[Black "vladgoncharov"]
[Result "1-0"]
[WhiteElo "2438"]
[BlackElo "2555"]
[TimeControl "180+1"]
[EndTime "9:09:16 PDT"]
[Termination "VSanduleac won on time"]

1. e4 e6 2. Qe2 c5 3. Nf3 Nc6 4. g3 g6 5. Bg2 Bg7 6. O-O Nge7 7. c3 O-O 8. Rd1 e5 9. a3 d5 10. d3 h6 11. b4 cxb4 12. axb4 Bg4 13. h3 Bxf3 14. Bxf3 d4 15. b5 Na5 16. Qa2 b6 17. c4 Nb7 18. Ba3 Qc7 19. Qb2 Rfe8 20. Nd2 Bf8 21.
Nb3 Nc8 22. Bxf8 Rxf8 23. h4 Ncd6 24. Bg2 Nc5 25. Nxc5 Qxc5 26. Qa3 Qc7 27. Rf1 Nb7 28. f4 Nc5 29. f5 Kg7 30. f6+ Kh7 31. h5 g5 32. Bh3 a6 33. bxa6 Rxa6 34. Qxa6 Nxa6 35.
Rxa6 b5 36. cxb5 Qc2 37. Ra3 Qb2 38. Ra7 Qxb5 39. Be6 Kg8 40. Bc4 Qb6 41. Re7 Qd6 42. Kg2 Qc5 43. Rf5 Qa3 44. Rexe5 Qb2+ 45. Rf2 Qc1 46. Re7 Qd1 47. e5 Qxh5 48. e6 fxe6 49. Bxe6+ Kh8 50. f7 g4 51. Re8 Kg7 52. Kg1 Qe5 53.
Kg2 Qe3 54. Bxg4 Rxe8 55. fxe8=Q Qxe8 56. Bf5 Qe3 57. Be4 h5 58. Rf4 Qe2+ 59. Kh3 Qe1 60. Kh4 Kh6 61. Rf6+ Kg7 62. Rf5 Qg1 63. Rxh5 Qh2+ 64. Kg4 Qe2+ 65. Kh4 Qe3 66. Rg5+ Kf6 67.
Rg6+ Kf7 68. Rg4 Qg1 69. Rf4+ Kg7 70. Kg4 Qd1+ 71. Kg5 Qe1 72. g4 Qe3 73. Kf5 Qh3 74.
Rf3 Qh8 75. g5 Qd8 76. Kg4 Qd7+ 77. Kg3 Qd6+ 78. Rf4 Qe5 79. g6 Qg5+ 80. Kf3 Qh5+ 81. Rg4 Qh3+ 82. Kf4 Qf1+ 83. Ke5 Qf6+ 84. Kd5 Qb6 85. Rf4 Qd8+ 86. Ke5 Qc7+ 87. Kf5 Qe7 88. Kg4 Qe6+ 89. Kg3 Qe5 90. Kf3 Qh5+ 91. Kg3 Qe5 92. Kg4 Qe6+ 93. Rf5 Qd6 94. Rf7+ Kg8 95. Kg5 Qe5+ 96.
Rf5 Qe7+ 97. Kg4 Qd6 98. Rg5 Kg7 99. Kf3 Qh2 100. Rg3 Qd2 101. Kg4 Qd1+ 102. Kf5 Qe1 103. Rg4 Qa5+ 104. Kf4 Qc5 105. Kf3 Qc2 106. Rf4 Qd1+ 107. Kg3 Qd2 108. Kg4 Qe2+ 109. Kf5 Qh5+ 110. Ke6 Qc5 111. Rf7+ Kg8 112. Bd5 Qb6+ 113. Kf5 1-0

[Event "Early-Titled-Tuesday-Blitz-August-29-2023"]
[Site "Chess.com"]
[Date "2023.08.29"]
[Round "7"]
[White "BlitzWizard04"]
[Black "HackWithBlack"]
[Result "1-0"]
[WhiteElo "2583"]
[BlackElo "2362"]
[TimeControl "180+1"]
[EndTime "9:11:15 PDT"]
[Termination "BlitzWizard04 won by resignation"]

1. e4 c6 2. d4 d5 3. e5 Bf5 4. Nc3 e6 5. g4 Bg6 6. Nge2 c5 7.
h4 h5 8. Nf4 Bh7 9. Nxh5 Nc6 10. dxc5 Bxc5 11. Bb5 Kf8 12. Bxc6 bxc6 13. Qe2 Bg6 14.
Nf4 Bh7 15. Bd2 Qb6 16. Na4 1-0

[Event "Early-Titled-Tuesday-Blitz-August-29-2023"]
[Site "Chess.com"]
[Date "2023.08.29"]
[Round "7"]
[White "Doomfist26"]
[Black "snowlord"]
[Result "0-1"]
[WhiteElo "2591"]
[BlackElo "2907"]
[TimeControl "180+1"]
[EndTime "9:11:28 PDT"]
[Termination "snowlord won by resignation"]

1. e4 Nf6 2. e5 Nd5 3. d4 d6 4. Nf3 dxe5 5. Nxe5 c6 6. c4 Nb4 7. a3 Qxd4 8. axb4 Qxe5+ 9. Be2 Bg4 10. Nc3 e6 11. c5 Na6 12. Rxa6 Bxe2 13. Qa4 0-1

[Event "Early-Titled-Tuesday-Blitz-August-29-2023"]
[Site "Chess.com"]
[Date "2023.08.29"]
[Round "7"]
[White "KVAIDAN"]
[Black "ChessicallyInclined"]
[Result "0-1"]
[WhiteElo "2373"]
[BlackElo "2680"]
[TimeControl "180+1"]
[EndTime "9:12:15 PDT"]
[Termination "ChessicallyInclined won by checkmate"]

1. f4 e5 2. e4 exf4 3. Nf3 Nf6 4. e5 Nh5 5. d4 g6 6. Bc4 Bg7 7. Nc3 O-O 8. O-O d6 9. Qe2 Nc6 10. a3 Bg4 11. Rd1 Bxf3 12. Qxf3 dxe5 13. dxe5 Nxe5 14.
Qxb7 Qe7 15. Bf1 Qc5+ 16. Kh1 Ng4 17. Ne4 Ng3+ 18. Nxg3 Nf2+ 19. Kg1 Nh3+ 20. Kh1 Qg1# 0-1

[Event "Early-Titled-Tuesday-Blitz-August-29-2023"]
[Site "Chess.com"]
[Date "2023.08.29"]
[Round "7"]
[White "expii"]
[Black "Pilopa"]
[Result "0-1"]
[WhiteElo "2250"]
[BlackElo "2683"]
[TimeControl "180+1"]
[EndTime "9:12:19 PDT"]
[Termination "Pilopa won by resignation"]

1. e4 e6 2. d4 d5 3. e5 c5 4. c3 Qa5 5. Nf3 cxd4 6. Nxd4 Nc6 7. Be2 Nge7 8. f4 Nxd4 9. Qxd4 Nf5 10. Qd1 h5 11. O-O h4 12. Kh1 Ng3+ 13. hxg3 hxg3+ 14. Bh5 g6 15. Be3 Rxh5+ 16. Kg1 Bc5 17. Qf3 Qb6 18. Re1 0-1

[Event "Early-Titled-Tuesday-Blitz-August-29-2023"]
[Site "Chess.com"]
[Date "2023.08.29"]
[Round "7"]
[White "blitzo_vich"]
[Black "Rosh1610"]
[Result "1-0"]
[WhiteElo "2598"]
[BlackElo "2440"]
[TimeControl "180+1"]
[EndTime "9:13:01 PDT"]
[Termination "blitzo_vich won by resignation"]

1. c4 Nf6 2. Nc3 e6 3. d4 Bb4 4.
Bd2 O-O 5. Nf3 b6 6. a3 Bxc3 7. Bxc3 Ne4 8. Rc1 Nxc3 9. Rxc3 Bb7 10. e3 d6 11. Be2 Nd7 12. O-O c5 13. b4 Qc7 14.
Qc2 a5 15. b5 Nf6 16. dxc5 dxc5 17. Rd1 Rfd8 18. Rcd3 Rxd3 19. Qxd3 Ne4 20. Qd7 Qb8 21. Ne5 Qxe5 22. Qd8+ 1-0

[Event "Early-Titled-Tuesday-Blitz-August-29-2023"]
[Site "Chess.com"]
[Date "2023.08.29"]
[Round "7"]
[White "aghasiyevkamal"]
[Black "Arteler"]
[Result "1-0"]
[WhiteElo "2506"]
[BlackElo "2231"]
[TimeControl "180+1"]
[EndTime "9:13:05 PDT"]
[Termination "aghasiyevkamal won by resignation"]

1. d4 d5 2. c4 c6 3. Nf3 Nf6 4. Qb3 dxc4 5. Qxc4 Bf5 6. g3 e6 7. Bg2 Nbd7 8. O-O Be7 9. Nc3 O-O 10. e3 Rc8 11.
Qe2 Ne4 12. Nd2 Nxd2 13. Bxd2 Bg6 14. Rac1 Nf6 15. Na4 Be4 16. f3 Bg6 17. Rfd1 Bd6 18. e4 e5 19. dxe5 Bxe5 20. Bb4 Qc7 21. Bxf8 Rxf8 22.
f4 Bh5 23. Bf3 Bxf3 24. Qxf3 1-0

[Event "Early-Titled-Tuesday-Blitz-August-29-2023"]
[Site "Chess.com"]
[Date "2023.08.29"]
[Round "7"]
[White "ArtemDyachuk"]
[Black "starworld123"]
[Result "1-0"]
[WhiteElo "2612"]
[BlackElo "2771"]
[TimeControl "180+1"]
[EndTime "9:13:20 PDT"]
[Termination "ArtemDyachuk won by checkmate"]

1. e4 c5 2. Nf3 d6 3. d4 cxd4 4. Nxd4 Nf6 5. Nc3 a6 6. h3 b5 7.
a4 b4 8. Nd5 Bb7 9. Bc4 Nbd7 10. O-O a5 11. Bg5 e6 12. Nxf6+ gxf6 13. Bh4 Bxe4 14. Bxe6 fxe6 15. Nxe6 Qb6 16. Re1 f5 17. Qh5# 1-0

[Event "Early-Titled-Tuesday-Blitz-August-29-2023"]
[Site "Chess.com"]
[Date "2023.08.29"]
[Round "7"]
[White "Alexei_Gubajdullin"]
[Black "reevecanada"]
[Result "1-0"]
[WhiteElo "2641"]
[BlackElo "2512"]
[TimeControl "180+1"]
[EndTime "9:13:20 PDT"]
[Termination "Alexei_Gubajdullin won by checkmate"]

1. d4 Nf6 2. Nf3 g6 3. Bf4 Bg7 4. e3 d5 5. Be2 O-O 6. O-O c5 7.
c3 Nc6 8. Nbd2 b6 9. Ne5 Bb7 10. a4 Nd7 11. Nxc6 Bxc6 12. a5 bxa5 13. Nb3 a4 14. Nxc5 Nxc5 15. dxc5 e5 16. Bg3 Rb8 17. c4 dxc4 18. Bxc4 Rxb2 19. Qc1 Rb8 20. Rd1 Qa5 21. Ba2 Rfc8 22. Qc4 Be8 23. Rd5 Rb2 24. Bxe5 Bxe5 25.
Rxe5 Qd2 26. Rxe8+ Kg7 27. Qxf7+ Kh6 28. Qf8+ Kh5 29.
Re5+ g5 30. Qf7+ Kg4 31. Qf3+ Kh4 32. Qh3# 1-0

[Event "Early-Titled-Tuesday-Blitz-August-29-2023"]
[Site "Chess.com"]
[Date "2023.08.29"]
[Round "7"]
[White "124chess"]
[Black "Roedor"]
[Result "0-1"]
[WhiteElo "2569"]
[BlackElo "2442"]
[TimeControl "180+1"]
[EndTime "9:13:22 PDT"]
[Termination "Roedor won by resignation"]

1. b3 e5 2. Bb2 Nc6 3. e3 Nf6 4. Bb5 e4 5. Ne2 h5 6. d3 exd3 7. cxd3 h4 8. h3 Rh6 9. Nd2 Rg6 10. Nf4 Rh6 11. Nf3 Bd6 12. O-O Bxf4 13. exf4 d6 14. Re1+ Kf8 15. Ng5 Bf5 16. Qf3 Qd7 17. Ne4 Nd4 18.
Bxd4 Qxb5 19. Bxf6 gxf6 20. Rac1 Qd7 21. Nc3 Rg6 22.
Nd5 Bxh3 23. Rxc7 Bxg2 24. Qxg2 Rxg2+ 25. Kxg2 Qg4+ 26. Kh2 Qf3 27. Ne3 Qxf2+ 28. Ng2 Qg3+ 29. Kh1 h3 0-1

[Event "Early-Titled-Tuesday-Blitz-August-29-2023"]
[Site "Chess.com"]
[Date "2023.08.29"]
[Round "7"]
[White "Ariadna_Atreides"]
[Black "mistrzemi"]
[Result "1-0"]
[WhiteElo "2234"]
[BlackElo "2388"]
[TimeControl "180+1"]
[EndTime "9:13:39 PDT"]
[Termination "Ariadna_Atreides won by resignation"]

1. d4 d5 2. Nf3 e6 3. e3 Nf6 4. Bd3 c6 5. Nbd2 Nbd7 6. O-O Be7 7. b3 O-O 8. Bb2 b6 9. Ne5 Bb7 10. Qf3 Bd6 11. Qh3 c5 12. Nxd7 Qxd7 13. dxc5 e5 14. cxd6 Qxh3 15. gxh3 Nd7 16. c4 e4 17. Bc2 Rfe8 18. cxd5 Bxd5 19. b4 Rac8 20. Bb3 Bxb3 21.
Nxb3 Rc2 22. Bd4 Ne5 23. Bxe5 Rxe5 24. d7 1-0

[Event "Early-Titled-Tuesday-Blitz-August-29-2023"]
[Site "Chess.com"]
[Date "2023.08.29"]
[Round "7"]
[White "Apocalyps999"]
[Black "zurzan"]
[Result "1-0"]
[WhiteElo "2318"]
[BlackElo "2084"]
[TimeControl "180+1"]
[EndTime "9:13:43 PDT"]
[Termination "Apocalyps999 won by resignation"]

1. e4 g6 2. d4 Bg7 3. Nc3 c6 4. Be3 d5 5. e5 f6 6. exf6 exf6 7. Nf3 Ne7 8. Qd2 Bg4 9. Be2 Nf5 10. Bf4 O-O 11. h3 Bxf3 12. Bxf3 Nd6 13. b3 Re8+ 14. Ne2 Ne4 15. Bxe4 dxe4 16. O-O-O f5 17. g4 Qe7 18. gxf5 Qa3+ 19. Kb1 Na6 20. c3 b5 21. fxg6 hxg6 22. Rhg1 Kf7 23. h4 Rad8 24. h5 Re6 25. hxg6+ Rxg6 26. Rxg6 Kxg6 27. Rg1+ Kf7 28. Qc2 Re8 29. Ng3 c5 30. Nf5 Bf6 31. Nd6+ Ke6 32. Qxe4+ 1-0